Map: Lerilak Crest

Players

lesha

  • Race: Terran Terran
  • League: Silver

PERVER - Winner!

  • Race: Protoss Protoss
  • League: Bronze

VOD

Have the link to the VOD?

Description

Time

  • Played on: Jan. 1, 2016, 4:18 a.m.
  • Length: 6:07
Show
View Real Time Build Order
Export as new Build Order

lesha Terran 

Build Orders: Reaper Expand 

Get SALT Encoding   

  12  0:02  SCV  
  14  0:14  SCV  
  14  0:18  Supply Depot  
  14  0:26  SCV  
  15  0:40  SCV  
  15  0:41  Barracks  
  16  0:51  Refinery  
  16  0:52  SCV  
  17  1:04  SCV  
  18  1:16  SCV  
  19  1:28  Orbital Command  
  19  1:38  Reaper  
  20  1:43  Command Center  
  20  1:59  SCV  
  21  2:02  Supply Depot  
  21  2:11  SCV  
  22  2:17  Barracks Reactor  
  22  2:31  Barracks  
  22  2:35  Factory  
  22  2:36  SCV  
  23  2:48  SCV  
  24  2:54  Marine x2  
  25  3:01  Orbital Command  
  25  3:06  SCV  
  26  3:18  SCV  
  26  3:19  Barracks  
  27  3:21  Starport  
  27  3:26  Refinery  
  27  3:27  SCV  
  28  3:30  SCV  
  29  3:39  SCV  
  30  3:51  SCV x2  
  30  3:53  Bunker  
  32  3:55  Barracks Tech Lab  
  32  3:59  Factory Tech Lab  
  32  4:01  Starport Reactor  
  32  4:03  Marine x2  
  32  4:06  Barracks Reactor  
  34  4:15  Marauder  
  35  4:18  SCV x2  
  37  4:30  SCV x2, Marine x2  
  41  4:38  Siege Tank  
  44  4:42  SCV x2  
  46  4:51  Marauder, Marine x2  
  50  4:55  Supply Depot  
  50  4:59  Refinery, Marine x2  
  52  5:00  Supply Depot  
  52  5:01  Refinery  
  52  5:03  Supply Depot  
  50  5:09  Marine  
  45  5:32  Marine x2  
  45  5:33  Marine  
  45  5:34  Marauder  
  45  5:35  Siege Tank  
Show
View Real Time Build Order
Export as new Build Order

PERVER Protoss - Winner!

Build Orders:  

Get SALT Encoding   

  12  0:04  Probe (Chrono Boost)  
  13  0:18  Pylon  
  13  0:25  Probe (Chrono Boost)  
  14  0:32  Assimilator  
  14  0:36  Probe (Chrono Boost)  
  14  0:41  Gateway  
  15  0:58  Probe (Chrono Boost)  
  16  1:09  Probe (Chrono Boost)  
  17  1:11  Assimilator  
  17  1:19  Probe (Chrono Boost)  
  17  1:22  Pylon  
  18  1:29  Cybernetics Core  
  18  1:30  Probe (Chrono Boost)  
  19  1:46  Pylon  
  19  1:49  Probe (Chrono Boost)  
  20  1:59  Probe (Chrono Boost)  
  21  2:06  Warp Gate (Chrono Boost)  
  21  2:08  Stalker  
  21  2:10  Probe (Chrono Boost)  
  24  2:19  Robotics Facility  
  24  2:27  Probe (Chrono Boost)  
  25  2:37  Gateway  
  25  2:39  Probe  
  26  2:58  Stalker  
  28  3:08  Gateway  
  28  3:09  Gateway  
  28  3:22  Immortal  
  32  3:30  Stalker  
  32  3:33  Probe  
  35  3:40  Pylon  
  35  4:21  Pylon  
  35  4:24  Immortal  
  39  4:40  Stalker x2  
  39  4:41  Stalker x2  
  47  4:49  Robotics Bay  
  45  5:30  Stalker x4  
  54  6:03  Pylon  
Tags
 
Add a new tag
Caveats
  • Supply blocks, unpowered buildings, or Contaminate may cause inaccurate times.
  • Supply counts are checked every 10 seconds.